 Dungeon Crawl Stone Soup version 0.32-a0-705-g60f233581c (webtiles) character file.

Game seed: 17945179058053462207

38045 Griffin23 the Basher (level 13, -5/116 HPs)
             Began as a Minotaur Fighter on Mar 14, 2024.
             Was the Champion of the Shining One (penitent).
             Slain by a spriggan rider
             ... wielding a +0 spear
              (14 damage)
             ... on level 5 of the Lair of Beasts.
             The game lasted 00:45:55 (18629 turns).

Griffin23 the Basher (Minotaur Fighter)            Turns: 18629, Time: 00:45:55

Health: -5/116     AC: 24    Str: 29    XL:     13   Next: 61%
Magic:  17/17      EV:  8    Int:  5    God:    the Shining One [******]
Gold:   596        SH: 12    Dex: 13    Spells: 12/12 levels left

rFire   . . .        L - +6 mace "Ystruemarch" {heavy, rElec}
rCold   . . .        c - +0 buckler
rNeg    + + +        M - +0 plate armour
rPois   +            V - +0 hat
rElec   +            d - +1 cloak {rPois}
rCorr   .            U - +0 pair of gloves
SInv    .            I - +2 pair of boots {rampage}
Will    .....        t - amulet of reflection Stlth
                     f - ring of flight
HPRegen 0.39/turn    J - +6 ring of strength
MPRegen 0.15/turn

%: reflection, rampage
@: flying, slowed, very slow
A: horns 2, retaliatory headbutt
a: Renounce Religion


You were on level 5 of the Lair of Beasts.
You worshipped the Shining One.
The Shining One was demanding penance.
You visited 2 branches of the dungeon, and saw 16 of its levels.
You also visited: Bailey.

You collected 1074 gold pieces.
You spent 478 gold pieces at shops.

Inventory:

Hand Weapons
 n - the +3 hammer of Causality {antimagic, rN+ Will- Int+4}
   (You found it on level 3 of the Dungeon)

   Int+4:     It affects your intelligence (+4).
   rN+:       It protects you from negative energy.
   Will-:     It decreases your willpower.
 L - the +6 mace "Ystruemarch" (weapon) {heavy, rElec}
   (You found it on level 9 of the Dungeon)

   rElec:     It insulates you from electricity.
Missiles
 x - 2 throwing nets (quivered)
Armour
 c - a +0 buckler (worn)
 d - a +1 cloak of poison resistance (worn)
 D - a scarf of shadows
 I - a +2 pair of boots of rampaging (worn)
 M - a +0 plate armour (worn)
 U - a +0 pair of gloves (worn)
 V - a +0 hat (worn)
Jewellery
 b - a +4 ring of slaying
 f - a ring of flight (left hand)
 t - an amulet of reflection (around neck)
 w - an amulet of the acrobat
 G - an amulet of faith
 J - a +6 ring of strength (right hand)
 Y - a ring of willpower
Wands
 o - a wand of roots (27)
 v - a wand of digging (10)
 H - a wand of flame (20)
 O - a wand of charming (12)
 S - a wand of polymorph (3)
Scrolls
 h - 2 scrolls of brand weapon
 j - 4 scrolls of enchant weapon
 k - 2 scrolls of immolation {unknown}
 l - 3 scrolls of blinking
 p - 3 scrolls of vulnerability
 y - 4 scrolls of amnesia
 A - a scroll of noise {unknown}
 P - a scroll of poison {unknown}
 Q - a scroll of silence {unknown}
 R - a scroll of fear {unknown}
 Z - 2 scrolls of revelation
Potions
 a - a potion of haste {unknown}
 e - 10 potions of curing
 g - 4 potions of degeneration
 i - 2 potions of attraction
 q - a potion of invisibility {unknown}
 s - 2 potions of lignification {unknown}
 u - a potion of mutation {unknown}
 z - a potion of experience {unknown}
 C - a potion of magic {unknown}
 E - 5 potions of brilliance {unknown}
 N - 2 potions of cancellation {unknown}
Miscellaneous
 K - a phial of floods
 W - a lightning rod (4/4)


   Skills:
 * Level 11.4 Fighting
 - Level 4.1 Long Blades
 * Level 14.5 Maces & Flails
 + Level 0.8 Throwing
 * Level 13.8 Armour
 + Level 3.4 Dodging
 + Level 1.1 Stealth
 * Level 13.2 Shields
 * Level 7.1 Invocations
 * Level 4.4 Evocations


You had 12 spell levels left.
You didn't know any spells.
Your spell library contained the following spells:

 Spells                   Type           Power      Damage    Failure   Level
 Freeze                   Ice            0%         1d3       98%         1
 Magic Dart               Conj           0%         1d3       98%         1
 Sandblast                Erth           0%         2d4       98%         1
 Ensorcelled Hibernation  Hex/Ice        0%         N/A       99%         2
 Mercury Vapours          Alch/Air       0%         N/A       99%         2
 Scorch                   Fire           0%         2d5       99%         2
 Dazzling Flash           Conj/Hex       0%         N/A       100%        3
 Frozen Ramparts          Ice            0%         1d1       100%        3
 Hailstorm                Conj/Ice       0%         3d5       100%        3
 Mephitic Cloud           Conj/Alch/Air  0%         N/A       100%        3
 Ozocubu's Armour         Ice            0%         N/A       100%        3
 Passwall                 Erth           0%         N/A       100%        3
 Swiftness                Air            0%         N/A       100%        3
 Tukima's Dance           Hex            0%         N/A       100%        3
 Volatile Blastmotes      Fire/Tloc      0%         2d10      100%        3
 Dimensional Bullseye     Hex/Tloc       0%         N/A       100%        4
 Fulminant Prism          Conj/Alch      0%         3d5       100%        4
 Ignite Poison            Fire/Alch      0%         N/A       100%        4
 Iskenderun's Mystic Bla  Conj/Tloc      0%         2d3       100%        4
 Sticky Flame             Fire/Alch      0%         2d4       100%        4
 Summon Lightning Spire   Summ/Air       0%         N/A       100%        4
 Vhi's Electric Charge    Tloc/Air       0%         N/A       100%        4
 Curse of Agony           Necr           0%         N/A       100%        5
 Iskenderun's Battlesphe  Conj           0%         2d6       100%        5
 Metabolic Englaciation   Hex/Ice        0%         N/A       100%        5
 Silence                  Hex/Air        0%         N/A       100%        5
 Bombard                  Conj/Erth      0%         9d1       100%        6
 Death Channel            Necr           0%         N/A       100%        6
 Sculpt Simulacrum        Ice/Alch       0%         N/A       100%        6
 Spellforged Servitor     Conj/Summ      0%         N/A       100%        7
 Ignition                 Fire           0%         3d3       100%        8


Dungeon Overview and Level Annotations

Branches:
Dungeon (11/15)            Temple (0/1) D:4            Lair (5/5) D:11
 Shoals (0/4) Lair:3        Snake (0/4) Lair:3        Slime (0/5) Lair:5
    Orc (0/2) D:11         Bailey (visited)

Altars:
Ashenzari
Dithmenos
Gozag
Kikubaaqudgha
Qazlal
Sif Muna
Trog
Uskayaw
Wu Jian
Xom
The Shining One
Jiyva

Shops:
D:5 [=[?   D:9 [


Innate Abilities, Weirdness & Mutations

You have a pair of horns on your head.
You reflexively headbutt those who attack you in melee.


Message History

* * * LOW HITPOINT WARNING * * *
The wolf bites you but does no damage.
Aiming: Charm
Press: ? - help, Shift-Dir - straight line, f - hornet, p - wolf
Aim: a hornet (lightly wounded, haloed, chance to affect: 50%)
The hornet is charmed.
You block the wolf's attack.
The spriggan rider hits you from afar with a +0 spear.
* * * LOW HITPOINT WARNING * * *
You sock the wolf!
The wolf is almost dead.
The wolf barely misses you. You furiously retaliate!
You headbutt the wolf, but do no damage.
You block the wolf's attack.
The spriggan rider hits you but does no damage.
You crush the wolf like a grape!!!
You kill the wolf!
The spriggan rider misses you.
Your hornet stings the spriggan rider!
The spriggan rider suddenly stops moving!
Your hornet stings the spriggan rider.
The spriggan rider is poisoned.
Things that are here:
a black bear corpse; a polar bear corpse
Aiming: Throw Flame
Press: ? - help, Shift-Dir - straight line, f - spriggan rider, p - hornet
Aim: a spriggan rider, wielding a +0 spear (lightly wounded, paralysed, very poisoned, ally target, haloed, 100% to hit)
The puff of flame hits your hornet.
Your hornet is lightly wounded.
The hornet is no longer charmed.
You feel very guilty. "You will pay for your transgression, mortal!"
Your divine halo fades away.
The spriggan rider is no longer paralysed.
You block the hornet's attack.
Aiming: Charm
Press: ? - help, Shift-Dir - straight line, f - hornet, p - spriggan rider
Aim: a hornet (lightly wounded, chance to affect: 50%)
The hornet resists with significant effort.
The hornet stings you!
* * * LOW HITPOINT WARNING * * *
You feel yourself slow down.
The spriggan rider hits you from afar with a +0 spear!
You die...

.♣ ... ....
.....♣♣♣♣
♣..hi)♣♣♣
♣y).♣♣ ♣♣@..♣
♣♣..♣♣♣♣
♣♣†)..♣..♣
♣♣♣♣........
♣♣♣♣....♣.♣....
♣♣.♣..♣♣♣♣♣♣
♣.. ♣♣ #....♣♣
♣ ♣♣.♣# #...♣♣
♣♣...####..#♣


You could see a spriggan rider (very poisoned, slow), a polar bear and a hornet.

Vanquished Creatures
  A hydra (Lair:2)
  2 centaur warriors (D:9)
  2 two-headed ogres (D:11)
  2 boulder beetles
  A skyshark (Lair:2)
  Pikel (D:8)
  2 oklob plants (Lair:1)
  2 cyclopes
  3 black mambas
  Joseph (D:7)
  A merfolk siren (Lair:3)
  A meliai (D:9)
  2 gargoyles
  An unseen horror (D:11)
  Maggie (D:7)
  A rime drake (Lair:1)
  10 cane toads
  5 komodo dragons
  A troll (D:9)
  4 polar bears
  A merfolk (Lair:3)
  Prince Ribbit (Lair:1)
  A hornet (Lair:5)
  8 blink frogs
  11 dream sheep
  8 spriggans
  4 shadows
  A vampire (Bailey)
  2 wraiths
  2 wyverns
  35 yaks
  Sigmund (D:5)
  An unseen horror simulacrum (D:9)
  A steam dragon (Lair:3)
  A vampire mosquito (D:9)
  2 acid dragons
  3 nagas (Lair:3)
  10 water moccasins
  2 sky beasts
  7 orc warriors
  4 black bears
  33 wolves
  An ogre (D:5)
  3 boggarts (Lair:5)
  2 centaurs
  A lemure (D:8)
  2 kobold brigands
  15 bullfrogs
  A scorpion (D:5)
  7 wights (D:9)
  A burial acolyte (D:7)
  A killer bee (D:9)
  3 howler monkeys
  7 vampire bats (Bailey)
  7 wolf zombies (Bailey)
  3 jellies
  2 hounds (D:4)
  Crazy Yiuf (D:3)
  7 orc priests
  2 iguanas
  A sleepcap (D:5)
  4 gnoll boudas
  Terence (D:2)
  14 orc wizards
  10 hell rats
  26 gnolls
  5 adders
  6 white imps
  2 ufetubi (D:4)
  2 adder zombies (D:7)
  2 ribbon worms
  3 dart slugs
  37 orcs
  4 endoplasms
  3 giant cockroaches
  16 hobgoblins
  16 kobolds
  A quokka (D:3)
  6 ball pythons
  4 bats
  7 frilled lizards
  13 goblins
  2 jackal zombies (D:7)
  22 orc zombies (Bailey)
  5 rats
461 creatures vanquished.

Vanquished Creatures (others)
  Sonja (Lair:3)
  A polar bear (Lair:5)
2 creatures vanquished.

Grand Total: 463 creatures vanquished

Notes
Turn   | Place    | Note
-------+----------+-------------------------------------------
     0 | D:1      | Griffin23 the Minotaur Fighter began the quest for the Orb.
     0 | D:1      | Reached XP level 1. HP: 19/19 MP: 0/0
    12 | D:1      | You fall into a shaft and drop 1 floor!
   148 | D:2      | Reached XP level 2. HP: 27/27 MP: 1/1
   527 | D:2      | Noticed Terence
   537 | D:2      | Killed Terence
   538 | D:2      | Reached XP level 3. HP: 16/33 MP: 2/2
  1172 | D:1      | Got the Octavo of Hazy Lithomancy
  1304 | D:1      | Reached XP level 4. HP: 40/40 MP: 3/3
  1899 | D:3      | Found a faded altar of an unknown god.
  1935 | D:3      | Reached XP level 5. HP: 31/47 MP: 4/4
  2098 | D:3      | Prayed at the altar of an unknown god.
  2098 | D:3      | Became a worshipper of the Shining One
  2098 | D:3      | Reached * piety under the Shining One
  2105 | D:3      | Found a broken altar of Ashenzari.
  2105 | D:3      | Found a hide-covered altar of Uskayaw.
  2262 | D:3      | Found a bloodstained altar of Trog.
  2289 | D:3      | Found a shimmering blue altar of Sif Muna.
  2329 | D:3      | Got Sif Muna's Papyrus of Confrontation
  2515 | D:3      | Found a runed translucent door.
  2516 | D:3      | Noticed Crazy Yiuf
  2763 | D:3      | Killed Crazy Yiuf
  2764 | D:3      | Reached skill level 5 in Armour
  2806 | D:3      | Identified the +3 hammer of Causality {antimagic, rN+ Will-
                  | Int+4}
  2922 | D:4      | Reached skill level 5 in Shields
  2922 | D:4      | Reached XP level 6. HP: 41/53 MP: 1/5
  3012 | D:4      | Reached skill level 1 in Maces & Flails
  3266 | D:4      | Found a staircase to the Ecumenical Temple.
  3546 | D:5      | Entered Level 5 of the Dungeon
  3547 | D:5      | Found Luuckemu's Jewellery Emporium.
  3563 | D:5      | Found Tipreah's Armour Boutique.
  3594 | D:5      | Reached skill level 2 in Maces & Flails
  3665 | D:5      | Found a shadowy altar of Dithmenos.
  3669 | D:5      | Reached skill level 5 in Fighting
  3795 | D:5      | Found Yceeqies's Magic Scroll Boutique.
  3800 | D:5      | Bought a scroll of teleportation for 39 gold pieces
  3800 | D:5      | Bought 3 scrolls of identify for 78 gold pieces
  3800 | D:5      | Bought a scroll of teleportation for 39 gold pieces
  3870 | D:5      | Noticed Sigmund
  3870 | D:5      | Reached ** piety under the Shining One
  3876 | D:5      | Killed Sigmund
  3877 | D:5      | Reached skill level 3 in Maces & Flails
  3877 | D:5      | Reached XP level 7. HP: 59/61 MP: 2/6
  3931 | D:5      | Found Aveics's Armour Shoppe.
  4084 | D:5      | Noticed a shadow
  4086 | D:5      | Reached skill level 4 in Maces & Flails
  4536 | D:5      | Killed a shadow
  4762 | D:5      | Reached skill level 5 in Maces & Flails
  5037 | D:5      | Reached skill level 6 in Maces & Flails
  5037 | D:5      | Reached XP level 8. HP: 67/69 MP: 2/7
  5438 | D:6      | Reached skill level 1 in Invocations
  5518 | D:6      | Identified the +7 dagger of Fragile Peace {flame, Str+2}
  5557 | D:6      | Reached skill level 1 in Dodging
  5597 | D:6      | Reached skill level 7 in Maces & Flails
  6108 | D:7      | Noticed Joseph
  6116 | D:7      | Noticed Maggie
  6285 | D:7      | Reached skill level 8 in Maces & Flails
  6285 | D:7      | Reached XP level 9. HP: 62/78 MP: 3/9
  6440 | D:7      | Found an opulent altar of Gozag.
  6457 | D:7      | Reached *** piety under the Shining One
  6724 | D:7      | Killed Joseph
  6956 | D:7      | Found an ancient bone altar of Kikubaaqudgha.
  7048 | D:7      | Killed Maggie
  7049 | D:7      | Reached skill level 9 in Maces & Flails
  7578 | D:8      | Found a stormy altar of Qazlal.
  7703 | D:8      | Found a flagged portal.
  7719 | Bailey   | Entered a bailey
  7754 | Bailey   | Reached **** piety under the Shining One
  7847 | Bailey   | Noticed a gargoyle
  7857 | Bailey   | Killed a gargoyle
  7858 | Bailey   | Reached XP level 10. HP: 60/88 MP: 3/11
  8145 | Bailey   | Identified the +0 scale mail of Fun {rC+ Regen+ Str+3}
  8189 | Bailey   | Reached skill level 10 in Maces & Flails
  8221 | Bailey   | Reached ***** piety under the Shining One
  8422 | D:8      | Found a shimmering altar of Xom.
  8424 | D:8      | Noticed Pikel
  8437 | D:8      | Killed Pikel
  8719 | D:8      | Found an ornate altar of the Wu Jian Council.
  8929 | D:5      | Bought a +2 pair of boots of rampaging for 322 gold pieces
  9549 | D:9      | Noticed a centaur warrior
  9551 | D:9      | Noticed a centaur warrior
  9556 | D:9      | Noticed a meliai
  9566 | D:9      | Killed a centaur warrior
  9583 | D:9      | Killed a centaur warrior
  9584 | D:9      | Reached skill level 11 in Maces & Flails
 10050 | D:9      | Found Yfer's Antique Armour Shoppe.
 10101 | D:9      | Reached skill level 10 in Armour
 10437 | D:9      | Killed a meliai
 10477 | D:9      | Reached XP level 11. HP: 69/97 MP: 4/13
 10788 | D:9      | Got the Catalogue of Marshalled Embers
 10860 | D:9      | Noticed a boulder beetle
 10879 | D:9      | Killed a boulder beetle
 11153 | D:9      | Got the Grimoire of Necrotic Chilblains
 11564 | D:9      | Reached skill level 5 in Invocations
 11590 | D:9      | Identified the +6 mace "Ystruemarch" {heavy, rElec}
 11872 | D:10     | Entered Level 10 of the Dungeon
 11917 | D:10     | Identified the +1 dagger of Gech {heavy, Dex+2}
 12239 | D:10     | Reached skill level 12 in Maces & Flails
 12346 | D:11     | Found a staircase to the Orcish Mines.
 12465 | D:11     | Noticed a boulder beetle
 12476 | D:11     | Killed a boulder beetle
 12537 | D:11     | Found a staircase to the Lair.
 12556 | D:11     | Reached skill level 1 in Evocations
 12615 | D:11     | Reached skill level 10 in Shields
 12806 | D:11     | Noticed a two-headed ogre
 12810 | D:11     | Killed a two-headed ogre
 13156 | D:11     | Noticed a two-headed ogre
 13159 | D:11     | Killed a two-headed ogre
 13494 | Lair:1   | Entered Level 1 of the Lair of Beasts
 13520 | Lair:1   | Noticed an oklob plant
 13520 | Lair:1   | Noticed an oklob plant
 13525 | Lair:1   | Reached XP level 12. HP: 106/106 MP: 15/15
 13545 | Lair:1   | Reached skill level 10 in Fighting
 13739 | Lair:1   | Noticed Prince Ribbit
 13751 | Lair:1   | Killed Prince Ribbit
 13759 | Lair:1   | Reached skill level 13 in Maces & Flails
 14053 | Lair:1   | Reached ****** piety under the Shining One
 14227 | Lair:1   | Found the +11 plutonium sword {^Contam Stlth-}
 14646 | Lair:2   | Noticed a four-headed hydra
 14654 | Lair:2   | Killed a four-headed hydra
 14675 | Lair:2   | Reached skill level 1 in Stealth
 15015 | Lair:2   | Found a gate leading to a gauntlet.
 15629 | Lair:3   | Noticed Sonja
 15656 | Lair:3   | Reached skill level 14 in Maces & Flails
 15661 | Lair:3   | Killed Sonja
 16014 | Lair:3   | Reached XP level 13. HP: 97/114 MP: 16/16
 16544 | Lair:3   | Found a staircase to the Shoals.
 17069 | Lair:3   | Found a staircase to the Snake Pit.
 17888 | Lair:5   | Entered Level 5 of the Lair of Beasts
 18178 | Lair:5   | Found a viscous altar of Jiyva.
 18179 | Lair:5   | Found a staircase to the Slime Pits.
 18628 | Lair:5   | Was placed under penance by the Shining One
 18629 | Lair:5   | Slain by a spriggan rider

Illustrated notes

Levels and vault maps discovered:
D:1:      dpeg_arrival_short_road, layout_basic, kennysheep_small_spiral,
          minmay_surrounded
D:2:      layout_basic, hangedman_decor_growths, minivault_19, uniq_terence
D:3:      layout_loops_cross, nzn_overflow_gifts_of_might_and_magic,
          mainiacjoe_overflow_large_starburst, basic_ecumenical_altar,
          grunt_decor_mini_mirrors, uniq_crazy_yiuf_cottage
D:4:      layout_rooms, minmay_temple_entry_junction, minmay_crystal_room,
          lexackson_kobold_supper
D:5:      kennysheep_big_flooded_room, layout_basic, kennysheep_little_box,
          serial_shops, nicolae_shop_crystal, nicolae_square_shop,
          nicolae_shop_tiny_waterfront, shop, hex_medium, uniq_sigmund
D:6:      layout_loops_cross
D:7:      layout_basic, lemuel_zombie_altar_kikubaaqudgha,
          nicolae_gozag_cash_rules_everything_around_me, uniq_maggie,
          uniq_joseph
D:8:      layout_cave_pools, mainiacjoe_overflow_alcove_1,
          nzn_wu_jian_council_hall, amcnicky_altar_gilded, enter_bailey_5,
          kennysheep_small_circle, uniq_pikel
D:9:      minmay_tri_box, layout_basic, serial_shops, shop,
          minmay_fractal_squares_diagonal_5
D:10:     layout_rooms, minmay_misc_feat_square, the_hattery
D:11:     layout_roguey, erik_lair_orcish_takeover, david_orc_2
Lair:1:   minmay_lair_oklob_chamber, layout_long_grid, uniq_prince_ribbit2
Lair:2:   layout_misc_corridors, gauntlet_entry_generic, lemuel_fruit_tree
Lair:3:   layout_cave_pods, elwin_shoals_entry_rooms,
          nicolae_snake_entry_squirm, uniq_sonja
Lair:4:   layout_cave_shapes, infiniplex_staircase_pool_2
Lair:5:   minmay_lair_end_enchanted_forest, layout_loops_ring, slime_entry_1,
          lookout_lair_type

Skill      XL: |  1  2  3  4  5  6  7  8  9 10 11 12 13 |
---------------+----------------------------------------+-----
Shields        | 4 5 6 8 9 10 12 13 | 13.2
Fighting       | 4 5 6 7 9 10 11 | 11.4
Long Blades    | 3 4 |  4.1
Armour         | 4 5 6 7 8 10 11 12 13 | 13.8
Maces & Flails | 3 6 8 9 11 12 14 | 14.5
Invocations    | 2 3 4 5 6 7 |  7.1
Dodging        | 1 2 3 |  3.4
Evocations     | 1 3 4 |  4.4
Stealth        | 1 |  1.1
Throwing       | |  0.8

Action                     |  1- 3 |  4- 6 |  7- 9 | 10-12 | 13-15 || total
---------------------------+-------+-------+-------+-------+-------++-------
  Melee: Long sword        |    76 |    82 |       |       |       ||   158
         Headbutt          |    10 |    26 |    80 |   156 |    57 ||   329
         Mace              |       |    56 |   287 |   605 |   196 ||  1144
  Throw: Throwing net      |       |       |     6 |     2 |       ||     8
 Invoke: Divine Shield     |       |       |       |     2 |       ||     2
  Evoke: Wand              |       |       |       |     1 |     7 ||     8
    Use: Potion            |       |     1 |     2 |     4 |       ||     7
         Scroll            |       |     5 |     5 |     3 |     5 ||    18
 Armour: Scale mail        |    45 |       |       |       |       ||    45
         Chain mail        |     3 |   115 |   233 |   201 |       ||   552
         Plate armour      |       |       |       |   263 |   230 ||   493
  Dodge: Dodged            |    24 |    45 |   117 |   209 |    81 ||   476
  Block: Buckler           |    17 |    34 |   143 |   332 |   149 ||   675
         Reflection        |       |       |     8 |     9 |     1 ||    18

Table legend: (Time is in decaauts)
 A = Elapsed time spent in this place.
 B = Non-inter-level travel time spent in this place.
 C = Inter-level travel time spent in this place.
 D = Time resting spent in this place.
 E = Time spent auto-exploring this place.
 F = Levels seen in this place.
 G = Mean time per level.
                   A        B        C        D        E       F      G
               +--------+--------+--------+--------+--------+-----+--------+
         Total |  18735 |  17859 |    876 |   3943 |  11114 |  17 | 1102.1 |
       Dungeon |  12898 |  12135 |    763 |   2830 |   7502 |  11 | 1172.5 |
          Lair |   5171 |   5058 |    113 |    948 |   3355 |   5 | 1034.2 |
        Bailey |    665 |    665 |      0 |    165 |    257 |   1 |  665.0 |
               +--------+--------+--------+--------+--------+-----+--------+

Top non-repeatable levels by time:
     D:9: 2617 daAuts
     D:5: 1844 daAuts
     D:7: 1633 daAuts
  Lair:3: 1595 daAuts
    D:11: 1178 daAuts
     D:3: 1138 daAuts
  Lair:1: 1108 daAuts
  Lair:2: 985 daAuts
     D:2: 946 daAuts
  Lair:4: 903 daAuts
     D:1: 862 daAuts
     D:6: 843 daAuts
     D:4: 705 daAuts
     D:8: 667 daAuts
  Bailey: 665 daAuts
